PAAA
ALLOWAY HALBERDS @ ALASKAN HUMPBACKS
07/21/2017
 
TOP OF THE 1ST
Alloway Halberds batting - Pitching for Alaskan Humpbacks : RHP Jim Unknown
Pitching: RHP Jim Unknown
Batting: RHB Orlando López 0-0: Ball
1-0: Ball
2-0: Called Strike
2-1: Ground out 6-3 (Groundball, 6)
Batting: SHB Brent Gaines 0-0: Ball
1-0: Called Strike
1-1: Foul Ball, location: 2F
1-2: Ball
2-2: Foul Ball, location: 2F
2-2: Ground out 3-1 (Groundball, 34)
Batting: RHB Aaron Harper 0-0: Ball
1-0: Ball
2-0: Swinging Strike
2-1: Ground out 6-3 (Groundball, 6)
Top of the 1st over - 0 run(s), 0 hit(s), 0 error(s), 0 left on base; Alloway 0 - Alaskan 0
BOTTOM OF THE 1ST
Alaskan Humpbacks batting - Pitching for Alloway Halberds : RHP Jim Unknown
Pitching: RHP Jim Unknown
Batting: LHB Jim Unknown 0-0: Called Strike
0-1: Swinging Strike
0-2: Fly out, F8 (Flyball, 8RS)
Batting: RHB Jim Unknown 0-0: Swinging Strike
0-1: Fly out, F4 (Line Drive, 4M)
Batting: LHB Jim Unknown 0-0: Ball
1-0: Ball
2-0: Called Strike
2-1: Foul Ball, location: 2F
2-2: Foul Ball, location: 2F
2-2: SINGLE (Line Drive, 8RS)
Batting: LHB Jim Unknown 0-0: Ball
1-0: Swinging Strike
1-1: Ball
2-1: Swinging Strike
2-2: Strikes out swinging
Bottom of the 1st over - 0 run(s), 1 hit(s), 0 error(s), 1 left on base; Alloway 0 - Alaskan 0
TOP OF THE 2ND
Alloway Halberds batting - Pitching for Alaskan Humpbacks : RHP Jim Unknown
Batting: LHB Matt Lee 0-0: Called Strike
0-1: Ball
1-1: Foul Ball, location: 2F
1-2: Fly out, F8 (Popup, 4MD)
Batting: RHB Frank Carter 0-0: Ball
1-0: Ball
2-0: Called Strike
2-1: Ball
3-1: Called Strike
3-2: Foul Ball, location: 2F
3-2: Ground out 4-3 (Groundball, 4M)
Batting: RHB Bill Stewart 0-0: Swinging Strike
0-1: Ball
1-1: Ball
2-1: Foul Ball, location: 2F
2-2: Ground out 5-3 (Groundball, 5)
Top of the 2nd over - 0 run(s), 0 hit(s), 0 error(s), 0 left on base; Alloway 0 - Alaskan 0
BOTTOM OF THE 2ND
Alaskan Humpbacks batting - Pitching for Alloway Halberds : RHP Jim Unknown
Batting: RHB Jim Unknown 0-0: Foul Ball, location: 2F
0-1: Called Strike
0-2: Ball
1-2: Fly out, F8 (Flyball, 78XD)
Batting: LHB Jim Unknown 0-0: Called Strike
0-1: Ball
1-1: Foul Ball, location: 2F
1-2: Ground out 6-3 (Groundball, 6)
Batting: LHB Jim Unknown 0-0: Foul Ball, location: 2F
0-1: Ball
1-1: Foul Ball, location: 2F
1-2: Foul Ball, location: 2F
1-2: Fly out, F9 (Flyball, 89D)
Bottom of the 2nd over - 0 run(s), 0 hit(s), 0 error(s), 0 left on base; Alloway 0 - Alaskan 0
TOP OF THE 3RD
Alloway Halberds batting - Pitching for Alaskan Humpbacks : RHP Jim Unknown
Batting: RHB Raúl Robles 0-0: Ball
1-0: Called Strike
1-1: Foul Ball, location: 2F
1-2: SINGLE (Line Drive, 56)
Batting: RHB Brian Williams 0-0: Called Strike
0-1: Ball
1-1: Ball
Wild Pitch!
Raúl Robles to second
2-1: Called Strike
2-2: Strikes out swinging
Batting: SHB Curt Finley 0-0: Ball
1-0: Foul Ball, location: 2F
1-1: Foul Ball, location: 2F
1-2: Ball
2-2: Ground out 4-3 (Groundball, 4)
Raúl Robles to third
Batting: RHB Orlando López 0-0: Swinging Strike
0-1: Ball
1-1: Ball
2-1: Foul Ball, location: 2F
2-2: Strikes out swinging
Top of the 3rd over - 0 run(s), 1 hit(s), 0 error(s), 1 left on base; Alloway 0 - Alaskan 0
BOTTOM OF THE 3RD
Alaskan Humpbacks batting - Pitching for Alloway Halberds : RHP Jim Unknown
Batting: SHB Jim Unknown 0-0: Ball
1-0: Called Strike
1-1: Foul Ball, location: 2F
1-2: Foul Ball, location: 2F
1-2: Strikes out swinging
Batting: LHB Jim Unknown 0-0: Swinging Strike
0-1: Swinging Strike
0-2: Ball
1-2: Ball
2-2: Foul Ball, location: 2F
2-2: Foul Ball, location: 2F
2-2: DOUBLE (Line Drive, 9LS)
Batting: LHB Jim Unknown 0-0: Called Strike
0-1: Ball
1-1: SINGLE (Groundball, 3D)
Jim Unknown to third
Runner from 3rd tries for Home, SAFE, throw made home
Batting: RHB Jim Unknown 0-0: Called Strike
0-1: Ball
1-1: Foul Ball, location: 2F
1-2: Strikes out swinging
Batting: LHB Jim Unknown 0-0: Ball
1-0: Swinging Strike
1-1: Fly out, F6 (Line Drive, 6)
Bottom of the 3rd over - 1 run(s), 2 hit(s), 0 error(s), 1 left on base; Alloway 0 - Alaskan 1
TOP OF THE 4TH
Alloway Halberds batting - Pitching for Alaskan Humpbacks : RHP Jim Unknown
Batting: SHB Brent Gaines 0-0: Called Strike
0-1: Fly out, F5 (Popup, 5SF)
Batting: RHB Aaron Harper 0-0: Called Strike
0-1: SOLO HOME RUN (Line Drive, 89XD), Distance : 425 ft
Batting: LHB Matt Lee 0-0: Called Strike
0-1: Swinging Strike
0-2: Ball
1-2: Foul Ball, location: 2F
1-2: Ball
2-2: Strikes out looking
Batting: RHB Frank Carter 0-0: Fly out, F9 (Flyball, 89S)
Top of the 4th over - 1 run(s), 1 hit(s), 0 error(s), 0 left on base; Alloway 1 - Alaskan 1
BOTTOM OF THE 4TH
Alaskan Humpbacks batting - Pitching for Alloway Halberds : RHP Jim Unknown
Batting: LHB Jim Unknown 0-0: Called Strike
0-1: Hit by Pitch
Batting: RHB Jim Unknown 0-0: Ball
1-0: Called Strike
1-1: Ball
2-1: Ball
3-1: SINGLE (Groundball, 56D)
Jim Unknown to second
Batting: LHB Jim Unknown 0-0: Foul Ball, location: 2F
0-1: Ball
1-1: Ground out 4-3 (Groundball, 4M)
Jim Unknown to third
Jim Unknown to second
Batting: LHB Jim Unknown 0-0: Called Strike
0-1: Ball
1-1: SINGLE (Groundball, 4MD)
Jim Unknown scores
Jim Unknown to third
Runner from 3rd tries for Home, throw and OUT!
Jim Unknown to second
Batting: SHB Jim Unknown 0-0: Called Strike
0-1: Foul Ball, location: 2F
0-2: Ground out 4-3 (Groundball, 4)
Bottom of the 4th over - 1 run(s), 2 hit(s), 0 error(s), 1 left on base; Alloway 1 - Alaskan 2
TOP OF THE 5TH
Alloway Halberds batting - Pitching for Alaskan Humpbacks : RHP Jim Unknown
Batting: RHB Bill Stewart 0-0: Called Strike
0-1: Ball
1-1: SINGLE (Groundball, 5D)
Batting: RHB Raúl Robles 0-0: Called Strike
0-1: Ball
1-1: SINGLE (Line Drive, 89S)
Bill Stewart to second
Batting: RHB Brian Williams 0-0: Ball
1-0: Foul Ball, location: 2F
1-1: Called Strike
1-2: Foul Ball, location: 2F
1-2: Foul Ball, location: 2F
1-2: Strikes out swinging
Batting: SHB Curt Finley 0-0: Called Strike
0-1: Swinging Strike
0-2: Ball
1-2: Fly out, F8 (Flyball, 8LM)
Batting: RHB Orlando López 0-0: Called Strike
0-1: Foul Ball, location: 2F
0-2: SINGLE (Line Drive, 9S)
Bill Stewart to third
Raúl Robles to second
Runner from 3rd tries for Home, SAFE, throw made at trailing runner, OUT at third!
Top of the 5th over - 1 run(s), 3 hit(s), 0 error(s), 1 left on base; Alloway 2 - Alaskan 2
BOTTOM OF THE 5TH
Alaskan Humpbacks batting - Pitching for Alloway Halberds : RHP Jim Unknown
Batting: LHB Jim Unknown 0-0: Ball
1-0: Ball
2-0: Ball
3-0: Base on Balls
Batting: LHB Jim Unknown 0-0: Ball
1-0: Sac Bunt - play at first, batter OUT! 2-4
Jim Unknown to second
Batting: RHB Jim Unknown 0-0: Called Strike
0-1: Foul Ball, location: 2F
0-2: Strikes out swinging
Batting: LHB Jim Unknown 0-0: SINGLE (Line Drive, 4MD)
Jim Unknown to third
Batting: LHB Jim Unknown 0-0: Ball
1-0: Called Strike
1-1: Foul Ball, location: 2F
1-2: Ball
2-2: Fly out, F6 (Popup, 6M)
Bottom of the 5th over - 0 run(s), 1 hit(s), 0 error(s), 2 left on base; Alloway 2 - Alaskan 2
TOP OF THE 6TH
Alloway Halberds batting - Pitching for Alaskan Humpbacks : RHP Jim Unknown
Batting: SHB Brent Gaines 0-0: Ball
1-0: Foul Ball, location: 2F
1-1: Swinging Strike
1-2: Ball
2-2: Foul Ball, location: 2F
2-2: Ball
3-2: Foul Ball, location: 2F
3-2: Foul Ball, location: 2F
3-2: Foul Ball, location: 2F
3-2: Foul Ball, location: 2F
3-2: Base on Balls
Batting: RHB Aaron Harper 0-0: Called Strike
0-1: Swinging Strike
0-2: Strikes out swinging
Batting: LHB Matt Lee 0-0: Ball
1-0: Ball
2-0: Ball
3-0: Base on Balls
Brent Gaines to second
Batting: RHB Frank Carter 0-0: Called Strike
0-1: 3-RUN HOME RUN (Flyball, 7LD), Distance : 360 ft
Pitching: RHP Jim Unknown
Batting: RHB Bill Stewart 0-0: Called Strike
0-1: Ball
1-1: SINGLE (Line Drive, 7S)
Batting: RHB Raúl Robles 0-0: Foul Ball, location: 2F
0-1: Foul Ball, location: 2F
0-2: Ball
1-2: Ball
2-2: Ball
3-2: Foul Ball, location: 2F
3-2: DOUBLE (Line Drive, 7D)
Bill Stewart to third
Batting: RHB Brian Williams 0-0: Intentional Walk
Batting: SHB Curt Finley 0-0: Swinging Strike
0-1: Swinging Strike
0-2: Ball
1-2: Foul Ball, location: 2F
1-2: Foul Ball, location: 2F
1-2: Strikes out swinging
Batting: RHB Orlando López 0-0: Called Strike
0-1: Foul Ball, location: 2F
0-2: Ball
1-2: Foul Ball, location: 2F
1-2: Foul Ball, location: 2F
1-2: Strikes out looking
Top of the 6th over - 3 run(s), 3 hit(s), 0 error(s), 3 left on base; Alloway 5 - Alaskan 2
BOTTOM OF THE 6TH
Alaskan Humpbacks batting - Pitching for Alloway Halberds : RHP Jim Unknown
Batting: RHB Jim Unknown 0-0: Called Strike
0-1: Ball
1-1: Foul Ball, location: 2F
1-2: Ball
2-2: Foul Ball, location: 2F
2-2: Foul Ball, location: 2F
2-2: Ball
3-2: Base on Balls
Batting: LHB Jim Unknown 0-0: Called Strike
0-1: Called Strike
0-2: Strikes out looking
Pitching: LHP Henry Simpson
Batting: LHB Jim Unknown 0-0: Ball
1-0: Ball
2-0: Grounds into double play, 4-6-3 (Groundball, 4M)
Bottom of the 6th over - 0 run(s), 0 hit(s), 0 error(s), 0 left on base; Alloway 5 - Alaskan 2
TOP OF THE 7TH
Alloway Halberds batting - Pitching for Alaskan Humpbacks : RHP Jim Unknown
Batting: SHB Brent Gaines 0-0: Called Strike
0-1: SINGLE (Flyball, 9LM)
Batting: RHB Aaron Harper 0-0: Fielders Choice at 2nd, 3-6 (Groundball, 34)
Batting: LHB Matt Lee 0-0: Called Strike
0-1: SINGLE (Groundball, 34D) (infield hit)
Aaron Harper to second
Batting: RHB Frank Carter 0-0: Foul Ball, location: 2F
0-1: Fly out, F4 (Popup, 4M)
Batting: RHB Bill Stewart 0-0: Called Strike
0-1: SINGLE (Line Drive, 4MD)
Aaron Harper to third
Matt Lee to second
Batting: RHB Raúl Robles 0-0: Foul Ball, location: 2F
0-1: Ball
1-1: Foul Ball, location: 2F
1-2: GRAND SLAM HOME RUN (Line Drive, 7LD), Distance : 366 ft
Pitching: RHP Jim Unknown
Batting: RHB Brian Williams 0-0: Called Strike
0-1: Ground out 6-3 (Groundball, 6)
Top of the 7th over - 4 run(s), 4 hit(s), 0 error(s), 0 left on base; Alloway 9 - Alaskan 2
BOTTOM OF THE 7TH
Alaskan Humpbacks batting - Pitching for Alloway Halberds : LHP Henry Simpson
Now at 1B: Tony Quintana
Now at 2B: Neil Ladner
Now at 3B: Mark Davis
Now in LF: Pedro Orozco
Now in RF: Jack Robbins
Batting: SHB Jim Unknown 0-0: Ball
1-0: Ball
2-0: Ball
3-0: Called Strike
3-1: SOLO HOME RUN (Flyball, 7LD), Distance : 360 ft
Batting: LHB Jim Unknown 0-0: Called Strike
0-1: SINGLE (Line Drive, 8LS)
Batting: LHB Jim Unknown 0-0: Ball
1-0: Foul Ball, location: 2F
1-1: Called Strike
1-2: Fly out, F5 (Popup, 5SF)
Batting: RHB Jim Unknown 0-0: Ball
1-0: Ball
2-0: Fly out, F3 (Popup, 3DF)
Batting: LHB Jim Unknown 0-0: Called Strike
0-1: Ball
1-1: Called Strike
1-2: Fly out, F9 (Flyball, 89M)
Bottom of the 7th over - 1 run(s), 2 hit(s), 0 error(s), 1 left on base; Alloway 9 - Alaskan 3
TOP OF THE 8TH
Alloway Halberds batting - Pitching for Alaskan Humpbacks : RHP Jim Unknown
Batting: SHB Curt Finley 0-0: Called Strike
0-1: Called Strike
0-2: Ball
1-2: Strikes out swinging
Batting: RHB Orlando López 0-0: Called Strike
0-1: Foul Ball, location: 2F
0-2: Foul Ball, location: 2F
0-2: Ball
1-2: Strikes out looking
Batting: SHB Brent Gaines 0-0: Ball
1-0: Ball
2-0: Swinging Strike
2-1: Foul Ball, location: 2F
2-2: Foul Ball, location: 2F
2-2: Strikes out swinging
Top of the 8th over - 0 run(s), 0 hit(s), 0 error(s), 0 left on base; Alloway 9 - Alaskan 3
BOTTOM OF THE 8TH
Alaskan Humpbacks batting - Pitching for Alloway Halberds : LHP Henry Simpson
Batting: LHB Jim Unknown 0-0: Ball
1-0: Called Strike
1-1: Called Strike
1-2: Foul Ball, location: 2F
1-2: Ball
2-2: Ground out U3 (Groundball, 3L)
Pitching: RHP Jim Unknown
Batting: RHB Jim Unknown 0-0: Foul Ball, location: 2F
0-1: SINGLE (Groundball, 6MD)
Batting: LHB Jim Unknown 0-0: DOUBLE (Line Drive, 7LM)
Jim Unknown to third
Batting: LHB Jim Unknown 0-0: Foul Ball, location: 2F
0-1: Foul Ball, location: 2F
0-2: Foul Ball, location: 2F
0-2: Ball
1-2: Ball
2-2: Strikes out swinging
Batting: SHB Jim Unknown 0-0: Ball
1-0: Ball
2-0: Fly out, F9 (Flyball, 9S)
Bottom of the 8th over - 0 run(s), 2 hit(s), 0 error(s), 2 left on base; Alloway 9 - Alaskan 3
TOP OF THE 9TH
Alloway Halberds batting - Pitching for Alaskan Humpbacks : RHP Jim Unknown
Batting: RHB Pedro Orozco 0-0: Called Strike
0-1: Fly out, F4 (Line Drive, 4)
Batting: RHB Tony Quintana 0-0: Ball
1-0: Ball
2-0: Swinging Strike
2-1: Swinging Strike
2-2: Ball
3-2: Strikes out swinging
Batting: RHB Mark Davis 0-0: Called Strike
0-1: Ball
1-1: Swinging Strike
1-2: Foul Ball, location: 2F
1-2: Foul Ball, location: 2F
1-2: Ball
2-2: Foul Ball, location: 2F
2-2: Foul Ball, location: 2F
2-2: Foul Ball, location: 2F
2-2: Ball
3-2: DOUBLE (Flyball, 9LD)
Batting: SHB Neil Ladner 0-0: Ball
Wild Pitch!
Mark Davis to third
1-0: Ground out 6-3 (Groundball, 6)
Top of the 9th over - 0 run(s), 1 hit(s), 0 error(s), 1 left on base; Alloway 9 - Alaskan 3
BOTTOM OF THE 9TH
Alaskan Humpbacks batting - Pitching for Alloway Halberds : RHP Jim Unknown
Batting: LHB Jim Unknown 0-0: Ball
1-0: Ball
2-0: Called Strike
2-1: Ball
3-1: Base on Balls
Batting: LHB Jim Unknown 0-0: Fielders Choice at 2nd, 4-6 (Groundball, 4)
Batting: RHB Jim Unknown 0-0: Ball
1-0: DOUBLE (Line Drive, 89XD)
Jim Unknown to third
Batting: LHB Jim Unknown 0-0: Called Strike
0-1: Foul Ball, location: 2F
0-2: Ball
1-2: Ball
2-2: Ball
Wild Pitch!
Jim Unknown scores
Jim Unknown to third
3-2: Reached on error, E4 (Groundball, 4M)
Jim Unknown scores
Pitching: LHP Jim Unknown
Batting: LHB Jim Unknown 0-0: Called Strike
0-1: Foul Ball, location: 2F
0-2: Ball
1-2: Foul Ball, location: 2F
1-2: Strikes out swinging
Batting: RHB Jim Unknown 0-0: Called Strike
0-1: Ball
1-1: SINGLE (Line Drive, 8RS)
Jim Unknown to second
Batting: LHB Jim Unknown 0-0: 3-RUN HOME RUN (Flyball, 89XD), Distance : 422 ft
Pitching: RHP Manuel Reyes
Batting: LHB Jim Unknown 0-0: Ball
1-0: Foul Ball, location: 2F
1-1: Ball
2-1: Ground out 1-3 (Groundball, 13S)
Bottom of the 9th over - 5 run(s), 3 hit(s), 1 error(s), 0 left on base; Alloway 9 - Alaskan 8
This league is powered by Out of the Park Baseball, the baseball management simulation game for PC, Mac and Linux
Saturday, February 27th, 2021 - OOTP Baseball 15.6 Build 34